[Event "Late-Titled-Tuesday-Blitz-April-30-2024"]
[Site "Chess.com"]
[Date "2024.04.30"]
[Round "7"]
[White "H3nriqueTV"]
[Black "shirovin"]
[Result "1-0"]
[WhiteElo "2424"]
[BlackElo "2080"]
[TimeControl "180+1"]
[EndTime "15:15:50 PDT"]
[Termination "H3nriqueTV won on time"]

1. e4 Nf6 2. e5 Nd5 3. d4 d6 4.
Nf3 c6 5. Bc4 dxe5 6. dxe5 Bf5 7. Nc3 e6 8. Nxd5 exd5 9. Bd3 Bg4 10. O-O Be7 11. h3 Bh5 12. g4 Bg6 13. e6 O-O 14. Ne5 Bxd3 15. exf7+ Kh8 16. Qxd3 Bf6 17. Ng6+ hxg6 18.
Qxg6 Rxf7 19. Qxf7 Nd7 20. Re1 Ne5 21. Rxe5 Bxe5 22.
Qh5+ Kg8 23. Qxe5 Qb6 24. Be3 Qd8 25. Bd4 Qf8 26. Re1 Rd8 27. Re3 c5 28. Rf3 1-0

[Event "Late-Titled-Tuesday-Blitz-April-30-2024"]
[Site "Chess.com"]
[Date "2024.04.30"]
[Round "7"]
[White "mbojan"]
[Black "Rutricks"]
[Result "1-0"]
[WhiteElo "2939"]
[BlackElo "2677"]
[TimeControl "180+1"]
[EndTime "15:15:51 PDT"]
[Termination "mbojan won by resignation"]

1. e4 Nf6 2. e5 Nd5 3. d4 d6 4.
c4 Nb6 5. f4 g5 6. Nc3 Bg7 7.
Nf3 gxf4 8. Bxf4 Nc6 9. exd6 cxd6 10. d5 Ne5 11. Nxe5 dxe5 12. Be3 O-O 13. c5 Nd7 14. Bc4 Qa5 15. Qa4 Qxa4 16. Nxa4 f5 17. c6 b5 18.
Bxb5 Nf6 19. O-O-O Ng4 20. Bc5 f4 21. Bxe7 Rf7 22. d6 Be6 23. Nc5 Bxa2 24. b3 Nf2 25.
Kb2 e4+ 26. Kxa2 Nxh1 27. Rxh1 Rf5 28. Bc4+ Kh8 29. d7 Bf8 30. Bxf8 Raxf8 31. c7 Rxc5 32. d8=Q 1-0

[Event "Late-Titled-Tuesday-Blitz-April-30-2024"]
[Site "Chess.com"]
[Date "2024.04.30"]
[Round "7"]
[White "nochewycandy"]
[Black "kleinebeer98"]
[Result "0-1"]
[WhiteElo "2809"]
[BlackElo "2924"]
[TimeControl "180+1"]
[EndTime "15:15:53 PDT"]
[Termination "kleinebeer98 won by resignation"]

1. Nf3 g6 2. g3 Bg7 3. Bg2 e6 4. O-O Ne7 5. d4 O-O 6. c4 d6 7. Nc3 Nd7 8. e4 b6 9. a4 Bb7 10. a5 bxa5 11. Be3 c5 12. d5 Nb6 13. Qd3 Ba6 14. Nd2 exd5 15. exd5 Nf5 16. Rxa5 Bxc4 17.
Nxc4 Nxc4 18. Ra2 Ncxe3 19. fxe3 Nxe3 20. Rf3 Nxg2 21. Kxg2 Rb8 22. Rf2 Qb6 23. Ra6 Qc7 24. Nb5 Qb7 25. Nxd6 Qd7 26. Nc4 Bd4 27. Rf3 Qxd5 28.
Rxa7 Rb7 29. Rxb7 Qxb7 30. h4 h5 31. Kh2 Rd8 32. Qe2 Qd5 33. b3 Kg7 34. Kh3 Re8 35. Qf1 Re4 36. Kh2 Qe6 0-1

[Event "Late-Titled-Tuesday-Blitz-April-30-2024"]
[Site "Chess.com"]
[Date "2024.04.30"]
[Round "7"]
[White "xberli"]
[Black "superchess02"]
[Result "0-1"]
[WhiteElo "2629"]
[BlackElo "2859"]
[TimeControl "180+1"]
[EndTime "15:15:58 PDT"]
[Termination "superchess02 won by resignation"]

1. d4 Nf6 2. c4 g6 3. Nf3 Bg7 4. g3 O-O 5. Bg2 d6 6. O-O Nbd7 7. Qc2 e5 8. Rd1 Re8 9. Nc3 e4 10. Ng5 e3 11. Bxe3 Rxe3 12. fxe3 Ng4 13. h4 Nxe3 14. Qb3 Nxd1 15. Rxd1 h6 16. Nxf7 Kxf7 17. c5+ Kf8 18. Rf1+ Bf6 19. g4 Kg7 20. e3 dxc5 21. g5 hxg5 22.
hxg5 Bxg5 23. Rf7+ Kh8 24. Qe6 Nf6 25. Qe5 Qe8 26.
Re7 Qf8 27. Nd5 Bf5 28. Nxf6 Qxf6 29. Qh2+ Bh4 30. Qxc7 Qxe7 0-1

[Event "Late-Titled-Tuesday-Blitz-April-30-2024"]
[Site "Chess.com"]
[Date "2024.04.30"]
[Round "7"]
[White "ChEsper99"]
[Black "wild3000"]
[Result "0-1"]
[WhiteElo "2244"]
[BlackElo "2491"]
[TimeControl "180+1"]
[EndTime "15:16:01 PDT"]
[Termination "wild3000 won on time"]

1. e4 b6 2. g3 Bb7 3. Bg2 h5 4. h4 Nf6 5. Nc3 e6 6. a3 d5 7. exd5 exd5 8. d4 Bd6 9. Bg5 c6 10. Nf3 Qe7+ 11. Qe2 Qxe2+ 12. Kxe2 Nbd7 13. Rhe1 O-O 14. Kf1 Rfe8 15. Bxf6 Nxf6 16. Ne5 g6 17. Kg1 Re7 18.
f4 Rae8 19. a4 a5 20. Bf3 Kg7 21. Kg2 Ng8 22. Nd3 Ba6 23. Rxe7 Rxe7 24. Re1 Bxd3 25. Rxe7 Nxe7 26. cxd3 Nf5 27. Ne2 Be7 28. Kf2 Bf6 29.
b3 Kf8 30. Bg2 Ke7 31. Bh3 Bxd4+ 32. Kf3 Bf6 33. Kf2 Kd6 34. Ke1 Kc5 35. Kd2 Kb4 36. Kc2 c5 37. Nc1 Nd4+ 0-1

[Event "Late-Titled-Tuesday-Blitz-April-30-2024"]
[Site "Chess.com"]
[Date "2024.04.30"]
[Round "7"]
[White "VD_coach"]
[Black "pirulillo"]
[Result "1/2-1/2"]
[WhiteElo "2532"]
[BlackElo "2340"]
[TimeControl "180+1"]
[EndTime "15:16:05 PDT"]
[Termination "Game drawn by agreement"]

1. d4 Nf6 2. Nf3 g6 3. c4 Bg7 4. Nc3 O-O 5. g3 d6 6. Bg2 Bf5 7. O-O Ne4 8. Nxe4 Bxe4 9. Bg5 Nd7 10. Qd2 c5 11. Bh6 Bxh6 12. Qxh6 Bxf3 13. Bxf3 cxd4 14.
Rad1 Qb6 15. Qd2 e5 16. e3 dxe3 17. Qxe3 Qxe3 18. fxe3 Nc5 19. Rxd6 e4 20. Be2 Rfd8 21.
Rfd1 Rxd6 22. Rxd6 Kf8 23. b4 Ne6 24. c5 Ke7 25. Bc4 Ng5 26. Kf2 a5 27. h4 Ne6 28.
Bxe6 fxe6 29. Rb6 axb4 30. Rxb7+ Kf6 31. Rxb4 Rxa2+ 32. Kf1 Rc2 33. Rxe4 Rxc5 34. Kf2 1/2-1/2

[Event "Late-Titled-Tuesday-Blitz-April-30-2024"]
[Site "Chess.com"]
[Date "2024.04.30"]
[Round "7"]
[White "Walter_White_Poland"]
[Black "ELPRIMO0O0"]
[Result "1/2-1/2"]
[WhiteElo "2368"]
[BlackElo "2539"]
[TimeControl "180+1"]
[EndTime "15:16:06 PDT"]
[Termination "Game drawn by repetition"]

1. e4 c5 2. Nf3 Nc6 3. Nc3 e6 4. d4 cxd4 5. Nxd4 Nf6 6. Ndb5 Bc5 7. Nd6+ Ke7 8. Nc4 d5 9. Nd2 dxe4 10. Ndxe4 Qxd1+ 11. Kxd1 Nxe4 12. Nxe4 Rd8+ 13. Bd3 Bb6 14. Bd2 f5 15.
Bg5+ Ke8 16. Bxd8 fxe4 17. Bxb6 exd3 18. Be3 dxc2+ 19. Kxc2 b6 20. Rac1 Bb7 21. Kb1 Nb4 22. f3 Nd5 23. Bd4 Kf7 24. Rhe1 a5 25. Bxb6 a4 26.
Bc5 Ra5 27. Ba3 Rb5 28. Rc5 Rb6 29. g3 Ba6 30. f4 Bd3+ 31. Ka1 Bf5 32. Re5 g6 33.
Re1 h5 34. Ra5 Rc6 35. Rxa4 Ne3 36. Ra7+ Kg8 37. Ra8+ Kh7 38. Ra7+ Kg8 39. Ra8+ Kh7 40. Ra7+ Kg8 1/2-1/2

[Event "Late-Titled-Tuesday-Blitz-April-30-2024"]
[Site "Chess.com"]
[Date "2024.04.30"]
[Round "7"]
[White "flubs"]
[Black "rikchessmx"]
[Result "1-0"]
[WhiteElo "2498"]
[BlackElo "2263"]
[TimeControl "180+1"]
[EndTime "15:16:09 PDT"]
[Termination "flubs won by resignation"]

1. c4 e5 2. Nc3 f5 3. g3 Nf6 4. Bg2 Bc5 5. e3 O-O 6. Nge2 d6 7. O-O a6 8. d4 exd4 9. exd4 Ba7 10. Nf4 Nc6 11.
Be3 Ng4 12. Qd2 Nxe3 13. fxe3 Qf6 14. Ncd5 Qf7 15. Nb6 Ne7 16. Nxa8 Bb8 17. Rac1 Kh8 18. b4 g5 19. Nd5 Ng6 20. a4 h5 21. b5 h4 22. bxa6 bxa6 23. Rb1 Be6 24. Rxb8 Rxb8 25. Naxc7 hxg3 26. hxg3 Rb3 27. Qd1 Ra3 28. Qh5+ Kg7 29.
Qxg5 Rxa4 30. Nxe6+ Qxe6 31. Qxf5 Qxf5 32. Rxf5 Rxc4 33.
Be4 Rc1+ 34. Kf2 a5 35. Rg5 a4 36. Rxg6+ Kf7 37. Rxd6 1-0

[Event "Late-Titled-Tuesday-Blitz-April-30-2024"]
[Site "Chess.com"]
[Date "2024.04.30"]
[Round "7"]
[White "PNEPaul"]
[Black "Sesleria"]
[Result "1-0"]
[WhiteElo "1964"]
[BlackElo "2109"]
[TimeControl "180+1"]
[EndTime "15:16:11 PDT"]
[Termination "PNEPaul won by resignation"]

1. e4 c5 2. Nf3 e6 3. d4 cxd4 4.
c3 dxc3 5. Nxc3 Nc6 6. Bf4 a6 7.
Bd3 Bb4 8. Qe2 d6 9. Rd1 Bxc3+ 10. bxc3 Nge7 11. Bb1 Qa5 12. Bxd6 Qxc3+ 13. Kf1 O-O 14. e5 Nf5 15. Bxf8 Kxf8 16. Bxf5 exf5 17. Ng5 h6 18.
Nf3 Be6 19. Kg1 g5 20. h3 Kg7 21. Qd2 Qa3 22. Nxg5 Rd8 23. Nxe6+ fxe6 24. Qc1 Rxd1+ 25. Qxd1 Nxe5 26. Qd4 1-0

[Event "Late-Titled-Tuesday-Blitz-April-30-2024"]
[Site "Chess.com"]
[Date "2024.04.30"]
[Round "7"]
[White "carokannlover213"]
[Black "Sinquefield"]
[Result "0-1"]
[WhiteElo "2762"]
[BlackElo "2535"]
[TimeControl "180+1"]
[EndTime "15:16:13 PDT"]
[Termination "Sinquefield won by resignation"]

1. d4 Nf6 2. Nf3 d6 3. Nc3 Nbd7 4. e4 e5 5. Bc4 Be7 6. h3 O-O 7.
Be3 c6 8. a4 b6 9. Qe2 a6 10. dxe5 Nxe5 11. Nxe5 dxe5 12. O-O Qc7 13. Qf3 Bb7 14. Bd3 b5 15. Ne2 c5 16. Ng3 c4 17. Be2 Bc5 18. Bg5 Nxe4 19. Nxe4 f5 20. Nxc5 Bxf3 21. Ne6 Qf7 22. Bxf3 e4 23. Bxe4 fxe4 24.
Nxf8 Rxf8 25. axb5 axb5 26. Be3 h6 27. c3 Rd8 28. Ra5 Qf5 29. Bd4 Rd6 30. Re1 Rg6 31. Re3 Kh7 32. Ra7 h5 33. Re7 Qg5 34. g3 Qxe7 0-1

[Event "Late-Titled-Tuesday-Blitz-April-30-2024"]
[Site "Chess.com"]
[Date "2024.04.30"]
[Round "7"]
[White "ChadBiryani"]
[Black "lamomiajunior"]
[Result "1-0"]
[WhiteElo "2524"]
[BlackElo "2734"]
[TimeControl "180+1"]
[EndTime "15:16:19 PDT"]
[Termination "ChadBiryani won by resignation"]

1. d4 Nf6 2. Nc3 g6 3. Bg5 Bg7 4. e4 d6 5. Qd2 h5 6. f4 c6 7. Nf3 b5 8. a3 a6 9. e5 dxe5 10. fxe5 Nd5 11. Ne4 Bf5 12. Nd6+ Kf8 13. Nxf5 gxf5 14.
Bd3 Qd7 15. O-O e6 16. Nh4 c5 17. Nxf5 exf5 18. Bxf5 Qc6 19. Be4 Kg8 20. dxc5 Qxc5+ 21. Kh1 Nc7 22. Qd8+ Bf8 23. Bxa8 Ne6 24. Qf6 Qa7 25. Bd5 Bg7 26. Qf5 Qd7 27. Rad1 Nc6 28. Bxc6 Qxc6 29.
Qxf7+ Kh7 30. Qf5+ Kg8 31. Rd6 1-0

[Event "Late-Titled-Tuesday-Blitz-April-30-2024"]
[Site "Chess.com"]
[Date "2024.04.30"]
[Round "7"]
[White "MeisterJabo"]
[Black "Sanyura"]
[Result "0-1"]
[WhiteElo "2456"]
[BlackElo "2651"]
[TimeControl "180+1"]
[EndTime "15:16:28 PDT"]
[Termination "Sanyura won by resignation"]

1. c4 c5 2. g3 Nf6 3. Bg2 g6 4. Nc3 Bg7 5. a3 O-O 6. Rb1 Nc6 7. b4 cxb4 8. axb4 d6 9. Nf3 Bg4 10. O-O Nd7 11. h3 Bxf3 12. Bxf3 Nde5 13. Bxc6 bxc6 14. d3 Nxc4 15. dxc4 Bxc3 16. Bh6 Re8 17. Qd3 Bf6 18. b5 cxb5 19. Rxb5 a5 20. Be3 a4 21. Bd4 Bxd4 22.
Qxd4 a3 23. Ra1 Qc8 24. Rb3 Qxh3 25. Rbxa3 Rxa3 26. Rxa3 Rb8 27. Ra1 Qe6 28. e3 f6 29. Qd5 Kf7 30. Rc1 Rc8 31. Qd4 h5 32.
Rc3 Rc5 33. Rc1 Qh3 34. Ra1 h4 35. Qxh4 Qxh4 36. gxh4 Rxc4 37. h5 gxh5 38. Kg2 f5 39. Kf3 h4 40. Ra8 Rg4 41. Rh8 Kg7 42. Rh5 e6 43.
Ke2 Kg6 44. Rh8 Kg5 45. Kf3 d5 46. Rg8+ Kf6 47. Rh8 d4 48. exd4 Rxd4 49. Ke3 Ra4 50. Kf3 Ke5 51. Rh6 Ra3+ 52. Kg2 h3+ 53. Rxh3 Rxh3 54. Kxh3 Ke4 55. Kg2 f4 56. Kf1 Kf3 57. Ke1 Kg2 58. Ke2 f3+ 59. Ke3 e5 60. Ke4 Kxf2 61.
Kxe5 Ke2 62. Kf4 f2 0-1

[Event "Late-Titled-Tuesday-Blitz-April-30-2024"]
[Site "Chess.com"]
[Date "2024.04.30"]
[Round "7"]
[White "FMOlexandrProhorov"]
[Black "Dr_Pepper18"]
[Result "1-0"]
[WhiteElo "2270"]
[BlackElo "2476"]
[TimeControl "180+1"]
[EndTime "15:16:28 PDT"]
[Termination "FMOlexandrProhorov won on time"]

1. d4 d5 2. c4 e6 3. Nc3 a6 4. e3 Nf6 5. Nf3 Be7 6. b3 c5 7. dxc5 Bxc5 8. Bb2 O-O 9. cxd5 Nxd5 10. Bd3 Qf6 11.
Na4 Bb4+ 12. Ke2 Qe7 13. a3 Bd6 14. Qc2 h6 15. Rhd1 b5 16. Nc3 Bb7 17. Nxd5 Bxd5 18. Qc3 f6 19. Rac1 Nd7 20. e4 Rfc8 21. Qd4 Bxb3 22.
Rxc8+ Rxc8 23. Rc1 Rxc1 24. Bxc1 Ne5 25. Bb1 Bc4+ 26.
Ke1 Nd3+ 27. Bxd3 1-0

[Event "Late-Titled-Tuesday-Blitz-April-30-2024"]
[Site "Chess.com"]
[Date "2024.04.30"]
[Round "7"]
[White "Hrant_ChessMood"]
[Black "GaiozNigalidze"]
[Result "1-0"]
[WhiteElo "2951"]
[BlackElo "2750"]
[TimeControl "180+1"]
[EndTime "15:16:29 PDT"]
[Termination "Hrant_ChessMood won by resignation"]

1. d4 Nf6 2. c4 e6 3. Bf4 Bb4+ 4.
Nd2 d5 5. Nf3 O-O 6. e3 b6 7. a3 Bd6 8. Bg5 Bb7 9. Rc1 Nbd7 10. Bd3 c5 11. cxd5 exd5 12. dxc5 bxc5 13. O-O a5 14. Qc2 h6 15. Bh4 Re8 16. Rfd1 Qb6 17.
a4 Ba6 18. Bxa6 Qxa6 19. Nb1 g5 20. Bg3 Bxg3 21. hxg3 Qe6 22. Nc3 Rac8 23. Nb5 Nb6 24. b3 Ne4 25. Nd2 f5 26. Nxe4 fxe4 27. Qd2 c4 28.
Nd4 Qf6 29. Qxa5 cxb3 30. Nxb3 Rb8 31. Nd4 Qf7 32. Nc6 Nc4 33. Qxd5 Qxd5 34. Rxd5 Nb6 35. Rb5 1-0

[Event "Late-Titled-Tuesday-Blitz-April-30-2024"]
[Site "Chess.com"]
[Date "2024.04.30"]
[Round "7"]
[White "manitodeplomo"]
[Black "KorolDimitriy75"]
[Result "1-0"]
[WhiteElo "2620"]
[BlackElo "2371"]
[TimeControl "180+1"]
[EndTime "15:16:30 PDT"]
[Termination "manitodeplomo won on time"]

1. d4 Nf6 2. c4 c5 3. d5 b5 4. Qc2 bxc4 5. e4 d6 6. Bxc4 g6 7. Nc3 Bg7 8. Nf3 O-O 9. O-O Nbd7 10. h3 Nb6 11. Be2 e6 12. dxe6 Bxe6 13. Rd1 Rc8 14. Ba6 Rc6 15. Bb5 Rc8 16. Bg5 h6 17. Bh4 Qe7 18.
Rd2 g5 19. Bg3 d5 20. exd5 Nfxd5 21. Nxd5 Nxd5 22. Re1 Nb4 23. Qa4 Qb7 24. a3 a6 25.
Bf1 Nc6 26. Bxa6 Qa8 27. Bb5 Nd4 28. Nxd4 Qxa4 29. Bxa4 Bxd4 30. Be5 Rfd8 31. Red1 Rd5 32. Bxd4 cxd4 33. Rxd4 1-0

[Event "Late-Titled-Tuesday-Blitz-April-30-2024"]
[Site "Chess.com"]
[Date "2024.04.30"]
[Round "7"]
[White "maurovargas01"]
[Black "th3d4rkness"]
[Result "0-1"]
[WhiteElo "1948"]
[BlackElo "2153"]
[TimeControl "180+1"]
[EndTime "15:16:31 PDT"]
[Termination "th3d4rkness won on time"]

1. e4 c5 2. Nc3 Nc6 3. f4 a6 4. Nf3 g6 5. d3 Bg7 6. g3 Nd4 7. Bg2 Nxf3+ 8. Bxf3 d6 9. Nd5 Nf6 10. Ne3 Rb8 11. O-O O-O 12. Qe1 b5 13. h3 Bxh3 14.
g4 Bxf1 15. Qxf1 e5 16. f5 c4 17. g5 Nh5 18. f6 Nxf6 19. gxf6 Qxf6 20. Bg2 Qxf1+ 21. Nxf1 cxd3 22. cxd3 f5 23. Bd2 f4 24. Nh2 h5 25. Nf3 Bf6 26. Rc1 Rfc8 27. Kf2 Rxc1 28. Bxc1 Rc8 29. Bd2 Rc2 30. Ke2 Rxb2 31. Kd1 Rxa2 32.
Bh3 Kf7 33. Bc8 Bd8 34. Bb7 Kf6 35. Bd5 Ra1+ 36. Kc2 Rf1 37. Ne1 Bb6 38. Kd1 g5 39. Ke2 Rf2+ 40. Kd1 g4 41. Bb4 Bc5 42. Ba5 g3 43.
Bd8+ Kg7 0-1

[Event "Late-Titled-Tuesday-Blitz-April-30-2024"]
[Site "Chess.com"]
[Date "2024.04.30"]
[Round "7"]
[White "baki83"]
[Black "Ajedrez_con_German"]
[Result "1-0"]
[WhiteElo "2899"]
[BlackElo "2630"]
[TimeControl "180+1"]
[EndTime "15:16:33 PDT"]
[Termination "baki83 won by resignation"]

1. e4 a6 2. d4 e6 3. Bd3 d5 4.
exd5 exd5 5. Nf3 Nf6 6. O-O Be7 7. h3 O-O 8. Re1 h6 9. Bf4 Nc6 10. c3 Re8 11. Nbd2 Bd6 12. Ne5 Ne7 13. Qc2 c5 14. dxc5 Bxc5 15. Re2 Nc6 16. Rae1 Be6 17. Ndf3 Rc8 18.
Nxc6 Rxc6 19. Be5 Be7 20. Nd4 Rb6 21. Nxe6 fxe6 22. Bd4 Rc6 23. Rxe6 Rxe6 24. Rxe6 Bf8 25. Bxf6 gxf6 26. Bh7+ Kh8 27. Qg6 Be7 28. Bg8 1-0

[Event "Late-Titled-Tuesday-Blitz-April-30-2024"]
[Site "Chess.com"]
[Date "2024.04.30"]
[Round "7"]
[White "Laico"]
[Black "TheMagician"]
[Result "1-0"]
[WhiteElo "2426"]
[BlackElo "2136"]
[TimeControl "180+1"]
[EndTime "15:16:33 PDT"]
[Termination "Laico won by resignation"]

1. e4 e5 2. Nc3 Nc6 3. Bc4 Bc5 4.
Qg4 Kf8 5. Qf3 Nf6 6. Nge2 d6 7.
h3 Nd4 8. Nxd4 exd4 9. Nd5 Nxd5 10. Bxd5 Qf6 11. Qxf6 gxf6 12. d3 c6 13. Bh6+ Ke7 14. Bb3 a5 15. a4 Rg8 16. g3 Be6 17. Ba2 f5 18. Bxe6 Kxe6 19. exf5+ Kxf5 20. O-O Rge8 21. Rad1 Re2 22. Bd2 Bb4 23. c3 dxc3 24. bxc3 Bc5 25. g4+ Kg6 26. d4 Ba7 27. Rfe1 Rae8 28. Rxe2 Rxe2 29.
Kf1 Re7 30. Rb1 b6 31. Bf4 d5 32. Bd6 Rd7 33. Bf8 f5 34. Ba3 fxg4 35. hxg4 h5 36. gxh5+ Kxh5 37. f3 Kg5 38. Re1 c5 39. Re5+ Kf4 40.
Kf2 1-0

[Event "Late-Titled-Tuesday-Blitz-April-30-2024"]
[Site "Chess.com"]
[Date "2024.04.30"]
[Round "7"]
[White "Navyblue1"]
[Black "bobo_panda"]
[Result "0-1"]
[WhiteElo "2232"]
[BlackElo "2424"]
[TimeControl "180+1"]
[EndTime "15:16:33 PDT"]
[Termination "bobo_panda won on time"]

1. d4 Nf6 2. c4 e6 3. Nf3 Bb4+ 4.
Bd2 a5 5. g3 d6 6. Bg2 Nbd7 7.
O-O e5 8. dxe5 dxe5 9. a3 Bxd2 10. Qxd2 Qe7 11. Nc3 Nc5 12. Rad1 O-O 13. Qc2 a4 14. Nd5 Nxd5 15. cxd5 b6 16. e4 Ba6 17. Rfe1 Qd6 18.
Qc3 Bc8 19. Qxe5 Bg4 20. Qd4 f6 21. h3 Bxf3 22. Bxf3 Rfe8 23. Re3 Re7 24. Bg2 Rae8 25. f4 c6 26. dxc6 Qxc6 27. e5 Qc7 28. Rde1 f5 29. Qc4+ Kh8 30. b4 axb3 31. Rc1 Qd7 32. Bf3 Qd2 33.
Qc3 Qa2 34. Bd1 b2 35. Rc2 b1=Q 36. Rxa2 Qxa2 37. Re2 Qd5 38. Rd2 Qe6 39. Bf3 Rd7 0-1

[Event "Late-Titled-Tuesday-Blitz-April-30-2024"]
[Site "Chess.com"]
[Date "2024.04.30"]
[Round "7"]
[White "ozates"]
[Black "GMG"]
[Result "1-0"]
[WhiteElo "2620"]
[BlackElo "2791"]
[TimeControl "180+1"]
[EndTime "15:16:36 PDT"]
[Termination "ozates won by checkmate"]

1. e4 c5 2. Nf3 Nc6 3. Bb5 e6 4.
O-O Nge7 5. Re1 Ng6 6. c3 a6 7. Bf1 d5 8. exd5 Qxd5 9. d4 Be7 10. c4 Qd7 11. d5 Nd4 12. Nxd4 cxd4 13. Qxd4 O-O 14. Nc3 Bf6 15. Qd2 Bxc3 16. bxc3 exd5 17. cxd5 b5 18. c4 Bb7 19. Bb2 bxc4 20. Bxc4 Rac8 21. Bb3 Rfd8 22. Qd4 f6 23. d6+ Kh8 24. Be6 Qc6 25. f3 Rxd6 26. Qxf6 Qb6+ 27. Kh1 Rg8 28. Qf7 Rxe6 29.
Qxe6 Qxb2 30. Rab1 Qf2 31. Rxb7 Nf4 32. Qxg8+ Kxg8 33. Re8# 1-0

[Event "Late-Titled-Tuesday-Blitz-April-30-2024"]
[Site "Chess.com"]
[Date "2024.04.30"]
[Round "7"]
[White "Revan_2002"]
[Black "Casper"]
[Result "1-0"]
[WhiteElo "2767"]
[BlackElo "2513"]
[TimeControl "180+1"]
[EndTime "15:16:36 PDT"]
[Termination "Revan_2002 won by resignation"]

1. d4 d5 2. c4 dxc4 3. Nf3 Bg4 4. e3 e6 5. Bxc4 Nf6 6. Nbd2 a6 7. Be2 Nbd7 8. O-O c5 9. b3 cxd4 10. Nxd4 Bxe2 11. Qxe2 Bd6 12. Bb2 O-O 13. Nc4 Bc7 14. Rfd1 Rc8 15. Ba3 Re8 16. Rac1 Nd5 17. g3 Qf6 18.
Bb2 Qg6 19. Nf3 Nc5 20. Nfe5 Qf5 21. f3 b5 22. e4 Qh5 23. exd5 exd5 24. Rxd5 bxc4 25.
Rxc5 Bb6 26. b4 f6 27. Qxc4+ Kh8 28. Nf7+ Kg8 29. Nd6+ Kh8 30. Nxc8 Qxf3 31. Nxb6 1-0

[Event "Late-Titled-Tuesday-Blitz-April-30-2024"]
[Site "Chess.com"]
[Date "2024.04.30"]
[Round "7"]
[White "luggevoila"]
[Black "e4evr"]
[Result "0-1"]
[WhiteElo "2330"]
[BlackElo "2224"]
[TimeControl "180+1"]
[EndTime "15:16:40 PDT"]
[Termination "e4evr won by resignation"]

1. e4 c5 2. Nc3 Nc6 3. Bb5 Nd4 4.
Nf3 a6 5. Bd3 g6 6. Nxd4 cxd4 7.
Ne2 Bg7 8. O-O d6 9. c3 dxc3 10. dxc3 Nf6 11. h3 O-O 12. a4 b6 13. Be3 Bb7 14. Qb1 Nd7 15. Rd1 Qc7 16. Bc2 Ne5 17.
b3 Rfc8 18. Bd4 Bh6 19. Qb2 Nc6 20. Be3 Bg7 21. Rac1 b5 22. axb5 axb5 23. Qb1 b4 24. Bd2 Qb6 25. Bd3 Ne5 26. cxb4 Rxc1 27. Rxc1 Ra1 28.
Qc2 Nxd3 29. Qxd3 Ba6 30. Rxa1 Bxa1 31. Qf3 Qc6 32. Nd4 Bxd4 0-1

[Event "Late-Titled-Tuesday-Blitz-April-30-2024"]
[Site "Chess.com"]
[Date "2024.04.30"]
[Round "7"]
[White "WilsonPalencia21"]
[Black "osielchesslover2011"]
[Result "1-0"]
[WhiteElo "2526"]
[BlackElo "2235"]
[TimeControl "180+1"]
[EndTime "15:16:41 PDT"]
[Termination "WilsonPalencia21 won by resignation"]

1. d4 Nf6 2. c4 g6 3. Nf3 Bg7 4. Nc3 O-O 5. e4 d6 6. Be2 e5 7. O-O Nc6 8. d5 Ne7 9. Ne1 Nd7 10. Nd3 f5 11. Bd2 f4 12. f3 g5 13. Rc1 Ng6 14. h3 Nf6 15. c5 h5 16. cxd6 cxd6 17. Nf2 Nh4 18. Nb5 Rf7 19. Qb3 Bf8 20. Rc2 Rg7 21. Rfc1 g4 22. hxg4 hxg4 23. fxg4 Nxg4 24. Nxg4 Bxg4 25.
Bxg4 Rxg4 26. Be1 Qg5 27. Qh3 Bh6 28. Bxh4 Rxh4 29. Qe6+ Kh8 30. Rc8+ Rxc8 31. Rxc8+ Kh7 32. Qf7+ Bg7 33. Nxd6 Rg4 34. Qg8+ Kg6 35. Qe6+ Kh5 36. Qf7+ Kh4 37. Nf5+ 1-0

[Event "Late-Titled-Tuesday-Blitz-April-30-2024"]
[Site "Chess.com"]
[Date "2024.04.30"]
[Round "7"]
[White "Godzillator"]
[Black "nitpicker"]
[Result "0-1"]
[WhiteElo "2388"]
[BlackElo "2248"]
[TimeControl "180+1"]
[EndTime "15:16:41 PDT"]
[Termination "nitpicker won by resignation"]

1. e4 c5 2. Nc3 Nc6 3. g3 g6 4. Bg2 Bg7 5. Nge2 d6 6. O-O Nf6 7. f4 O-O 8. d3 Bd7 9. Be3 Ng4 10. Bd2 f5 11. h3 Nf6 12. exf5 gxf5 13. Kh2 Rb8 14. Ng1 e5 15. Nf3 b5 16. fxe5 dxe5 17. Nh4 f4 18. gxf4 Ng4+ 19. hxg4 Qxh4+ 20. Kg1 Bxg4 21. Qe1 Qxe1 22. Raxe1 Nd4 23. fxe5 Nxc2 24. Rxf8+ Rxf8 25. Re4 Bf5 26. Re3 Nxe3 27. Bxe3 Bxd3 28. Bd5+ Kh8 29. e6 Bd4 30. Bxd4+ cxd4 31. Nd1 Bc4 32. Bc6 Rf1+ 33.
Kg2 Rxd1 34. e7 Bf7 35. Kf2 Rd2+ 36. Kf3 Rxb2 37. Ke4 Rxa2 38. Kxd4 Re2 39. Be4 Rxe4+ 40.
Kxe4 a5 41. Ke5 Kg7 42. Kd6 a4 0-1

[Event "Late-Titled-Tuesday-Blitz-April-30-2024"]
[Site "Chess.com"]
[Date "2024.04.30"]
[Round "7"]
[White "BeautiFullMindChess"]
[Black "tolimachess"]
[Result "1-0"]
[WhiteElo "2254"]
[BlackElo "2417"]
[TimeControl "180+1"]
[EndTime "15:16:42 PDT"]
[Termination "BeautiFullMindChess won by checkmate"]

1. e4 c5 2. Nf3 Nc6 3. Bb5 g6 4. O-O Bg7 5. Nc3 e6 6. Bxc6 bxc6 7. e5 d5 8. exd6 Nf6 9. d3 Qxd6 10. Re1 O-O 11.
Ne5 Ba6 12. Bf4 Nd5 13. Ne4 Qc7 14. Bg3 Bxe5 15. Bxe5 Qxe5 16. Nxc5 Qxb2 17. Nxa6 Qb6 18. c4 Qxa6 19. cxd5 cxd5 20. h4 h5 21. Re5 Rac8 22.
g4 hxg4 23. h5 Rc3 24. hxg6 f5 25. Qd2 Rc7 26. Qh6 Rf6 27. Rb1 Qc8 28. Kg2 Rg7 29. Rh1 Rfxg6 30. Qh8+ Kf7 31. Qxc8 f4 32. Qd7+ Kf6 33.
Qxe6# 1-0

[Event "Late-Titled-Tuesday-Blitz-April-30-2024"]
[Site "Chess.com"]
[Date "2024.04.30"]
[Round "7"]
[White "MarkoPe"]
[Black "kleber2007"]
[Result "1-0"]
[WhiteElo "2464"]
[BlackElo "2504"]
[TimeControl "180+1"]
[EndTime "15:16:43 PDT"]
[Termination "MarkoPe won by resignation"]

1. d4 g6 2. g3 Bg7 3. Bg2 d5 4.
Nf3 Nf6 5. h4 Bf5 6. h5 Nxh5 7.
Nc3 Nf6 8. Bf4 c6 9. Qd2 Ne4 10.
Nxe4 dxe4 11. Ne5 Nd7 12. g4 Nxe5 13. gxf5 Nc4 14. Qc3 Qxd4 15. Qxd4 Bxd4 16. fxg6 Bxb2 17. gxf7+ Kxf7 18. Rb1 Bc3+ 19. Kf1 Bd2 20. Bg3 Nd6 21. Bxd6 exd6 22. Rxb7+ Kf6 23. Bxe4 d5 24. Bf3 Rab8 25. Rhxh7 a5 26. Rxh8 Rxb7 27. e3 Rb2 28. Rh6+ Ke5 29. Rxc6 Rxa2 30. Rc5 a4 31. Rxd5+ Ke6 32. Rxd2 a3 33.
Bd5+ 1-0

[Event "Late-Titled-Tuesday-Blitz-April-30-2024"]
[Site "Chess.com"]
[Date "2024.04.30"]
[Round "7"]
[White "KebabJangles"]
[Black "Romadk"]
[Result "1-0"]
[WhiteElo "2328"]
[BlackElo "2493"]
[TimeControl "180+1"]
[EndTime "15:16:49 PDT"]
[Termination "KebabJangles won by checkmate"]

1. d4 Nf6 2. c4 e6 3. g3 d5 4. Bg2 dxc4 5. Nf3 c6 6. O-O b5 7.
Ne5 Nd5 8. e4 Nb6 9. Nc3 Bb7 10.
Re1 Be7 11. d5 cxd5 12. exd5 Nxd5 13. Nxb5 Qb6 14. a4 a6 15. Nxc4 Qc5 16. Nba3 O-O 17. Ne3 Bf6 18. Nxd5 Bxd5 19. Bxd5 exd5 20. Be3 d4 21. Bf4 Nd7 22. Qd2 Nb6 23. b4 Qd5 24. a5 Na4 25. Rac1 Rfd8 26. Nc4 Rac8 27. Nb6 Nxb6 28. axb6 Qb5 29. Bc7 Re8 30. Rc5 Qd7 31.
b7 Rxc7 32. Rxe8+ Qxe8 33. Rxc7 Bd8 34. b8=Q Bxc7 35. Qxe8# 1-0